 Dungeon Crawl Stone Soup version 0.28-a0-938-gbc3f381ebc (webtiles) character file.

Game seed: 7896116573242445381

70 BinkBink the Skirmisher (level 4, 0/35 HPs)
             Began as a Demonspawn Monk on Nov 28, 2021.
             Was a Priest of Vehumet.
             Succumbed to an adder's poison
             ... on level 2 of the Dungeon.
             The game lasted 00:03:24 (2107 turns).

BinkBink the Skirmisher (Demonspawn Monk)           Turns: 2107, Time: 00:03:25

Health: 0/35       AC:  2    Str: 12    XL:     4   Next: 3%
Magic:  5/5        EV: 13    Int: 12    God:    Vehumet [***...]
Gold:   98         SH:  0    Dex: 15    Spells: 5/5 levels left

rFire   . . .      SeeInvis .   a - +0 hand axe
rCold   . . .      Faith    .   (no shield)
rNeg    . . .      Spirit   .   b - +0 robe
rPois   .          Reflect  .   (no helmet)
rElec   .          Harm     .   (no cloak)
rCorr   .          Rampage  .   (no gloves)
Will    .....                   (no boots)
Stlth   ++........              (no amulet)
HPRegen 0.11/turn               (no ring)
MPRegen 0.09/turn               (no ring)

@: lethally poisoned (0 -> -1), flying, invisible
A: demonic touch 1
a: Renounce Religion


You were on level 2 of the Dungeon.
You worshipped Vehumet.
Vehumet was most pleased with you.
You visited 1 branch of the dungeon, and saw 2 of its levels.

You collected 98 gold pieces.

Inventory:

Hand Weapons
 a - a +0 hand axe (weapon)
Armour
 b - a +0 robe (worn)
Scrolls
 e - 3 scrolls of teleportation {unknown}


   Skills:
 + Level 3.5 Fighting
 + Level 3.4 Axes
 + Level 3.1 Dodging
 - Level 1.7 Stealth
 * Level 1.0 Spellcasting


You had 5 spell levels left.
You didn't know any spells.
Your spell library was empty.

Dungeon Overview and Level Annotations

Branches:
Dungeon (2/15)

Altars:
Vehumet


Innate Abilities, Weirdness & Mutations

Your touch may inflict minor irresistible damage on your foes.


Message History

You feel very sick. The adder bites you.
* * * LOW HITPOINT WARNING * * *
You hit the adder.
You kill the adder!
Vehumet accepts your kill.
* * * LOW HITPOINT WARNING * * *
You feel sick.
Your Spellcasting skill increases to level 1!
You have reached level 4!
You feel stronger.
It was a potion of flight.
You feel very buoyant.
You fly up into the air.
* * * LOW HITPOINT WARNING * * *
You feel sick.
It was a potion of invisibility.
You fade into invisibility!
* * * LOW HITPOINT WARNING * * *
You feel sick.
* * * LOW HITPOINT WARNING * * *
You feel sick.
You aren't carrying any potions.
As you read the scroll labelled ZEHERR UNUE, it crumbles to dust.
It is a scroll of amnesia.
You feel forgetful for a moment.
* * * LOW HITPOINT WARNING * * *
You feel sick.
As you read the scroll labelled TUKYHE WUHA, it crumbles to dust.
You speak a Word of immense power!
It was a scroll of holy word.
* * * LOW HITPOINT WARNING * * *
You feel sick.
Blink to where?
Press: ? - help, Dir - move target
Found a stone staircase leading down.
As you read the scroll labelled MIEDOFO TAIBIDWO, it crumbles to dust.
It was a scroll of blinking.
* * * LOW HITPOINT WARNING * * *
You feel sick.
You die...

##ยง#.......
#.# #....# .
#.# #......#
.. #.#
#....#.##...
..#
####.....>..
###
#.#......
#.......#
#.#### # #@#
#......#
########


There were no monsters in sight!

Vanquished Creatures
  2 adders (D:2)
  2 dart slugs (D:1)
  3 ball pythons (D:1)
  2 endoplasms
  A giant cockroach (D:1)
  6 hobgoblins (D:1)
  2 jackals (D:2)
  2 quokkas (D:1)
  6 bats
  3 frilled lizards (D:1)
  9 goblins
  4 kobolds (D:1)
  2 rats
44 creatures vanquished.

Notes
Turn   | Place    | Note
-------+----------+-------------------------------------------
     0 | D:1      | BinkBink the Demonspawn Monk began the quest for the Orb.
     0 | D:1      | Reached XP level 1. HP: 18/18 MP: 1/1
   423 | D:1      | Found a faded altar of an unknown god.
   427 | D:1      | Prayed at the altar of an unknown god.
   427 | D:1      | Became a worshipper of Vehumet
   427 | D:1      | Reached * piety under Vehumet
   427 | D:1      | Offered knowledge of Magic Dart by Vehumet.
   427 | D:1      | Reached ** piety under Vehumet
   441 | D:1      | Gained mutation: Your touch may inflict minor irresistible
                  | damage on your foes. [demonic ancestry]
   441 | D:1      | Reached XP level 2. HP: 24/24 MP: 2/2
   575 | D:1      | Offered knowledge of Freeze by Vehumet.
   660 | D:1      | Reached *** piety under Vehumet
   968 | D:1      | Offered knowledge of Dazzling Flash by Vehumet.
   969 | D:1      | Reached XP level 3. HP: 28/29 MP: 3/3
  1517 | D:1      | Offered knowledge of Iskenderun's Mystic Blast by Vehumet.
  2101 | D:2      | Reached skill level 1 in Spellcasting
  2101 | D:2      | Reached XP level 4. HP: 8/35 MP: 5/5
  2106 | D:2      | HP: 1/35 [poisoned by an adder]
  2107 | D:2      | Succumbed to an adder's poison

Illustrated notes

Levels and vault maps discovered:
D:1:      dpeg_arrival_morbid_curiosity, layout_basic, basic_ecumenical_altar,
          minmay_nonomino_d4
D:2:      layout_loops_corners, uniq_terence

Skill      XL: |  1  2  3 |
---------------+----------+-----
Axes           | 3 |  3.4
Dodging        | 3 |  3.1
Spellcasting   | 1 |  1.0
Fighting       | |  3.5
Stealth        | |  1.7

Action                   |  1- 3 |  4- 6 || total
-------------------------+-------+-------++-------
Melee: Hand axe          |    94 |       ||    94
       Touch             |    14 |       ||    14
  Use: Scroll            |       |     3 ||     3
       Potion            |       |     2 ||     2
 Stab: Sleeping          |     4 |       ||     4
       Distracted        |     1 |       ||     1
Armor: Robe              |    13 |       ||    13
Dodge: Dodged            |    65 |       ||    65

Table legend: (Time is in decaauts)
 A = Elapsed time spent in this place.
 B = Non-inter-level travel time spent in this place.
 C = Inter-level travel time spent in this place.
 D = Time resting spent in this place.
 E = Time spent auto-exploring this place.
 F = Levels seen in this place.
 G = Mean time per level.
                   A        B        C        D        E       F      G
               +--------+--------+--------+--------+--------+-----+--------+
         Total |   2120 |   2113 |      7 |      0 |   1795 |   2 | 1060.0 |
       Dungeon |   2120 |   2113 |      7 |      0 |   1795 |   2 | 1060.0 |
               +--------+--------+--------+--------+--------+-----+--------+

Top non-repeatable levels by time:
     D:1: 1535 daAuts
     D:2: 585 daAuts
